 Dungeon Crawl Stone Soup version 0.22.0-40-g68aacdc (webtiles) character file.

22 Folque the Caller (level 2, 0/12 HPs)
             Began as a Felid Summoner on Sept 1, 2018.
             Slain by a hobgoblin (5 damage)
             ... on level 2 of the Dungeon.
             The game lasted 00:04:20 (1186 turns).

Folque the Caller (Felid Summoner)                  Turns: 1186, Time: 00:04:22

Health: 0/12       AC:  1    Str:  4    XL:     2   Next: 68%
Magic:  5/6        EV: 18    Int: 16    God:
Gold:   125        SH:  0    Dex: 16    Spells: 2/5 levels left
                                        Lives:  0   Deaths: 0

rFire    . . .     SeeInvis +   (weapon unavailable)
rCold    . . .     Gourm    .   (shield unavailable)
rNeg     . . .     Faith    .   (armour unavailable)
rPois    .         Spirit   .   (helmet unavailable)
rElec    .         Reflect  .   (cloak unavailable)
rCorr    .         Harm     .   (gloves unavailable)
MR       .....                  (boots unavailable)
Stlth    +++.......             (no amulet)
HPRegen  0.04/turn              (no ring)
MPRegen  0.10/turn              (no ring)

@: quick
A: very small, no armour, no weapons or thrown items, stealth, claws 1, fangs 3,
see invisible, carnivore, speed 1, shaggy fur 1, slow metabolism 1, sharp paws
a: no special abilities


You were on level 2 of the Dungeon.
You were completely stuffed.

You visited 1 branch of the dungeon, and saw 2 of its levels.

You collected 125 gold pieces.

Inventory:

Scrolls
 c - 3 scrolls of identify {unknown}
 d - a scroll of enchant weapon {unknown}
 e - a scroll of immolation {unknown}
Potions
 a - a potion of resistance {unknown}
 g - a potion of curing {unknown}
Comestibles
 b - 5 rations


   Skills:
 + Level 0.9 Fighting
 - Level 2.6 Dodging
 - Level 2.6 Stealth
 + Level 2.2 Spellcasting
 * Level 4.4 Summonings


You had 2 spell levels left.
You knew the following spells:

 Your Spells              Type           Power        Failure   Level  Hunger
a - Summon Small Mammal   Summ           ###.         3%          1    #......
b - Call Imp              Summ           ###.....     4%          2    ###....

Your spell library contained the following spells:

 Spells                   Type           Power        Failure   Level  Hunger
 Call Canine Familiar     Summ           ###.....     10%         3    ###....
 Summon Guardian Golem    Hex/Summ       #.......     24%         3    ###....
 Summon Ice Beast         Ice/Summ       #.......     63%         4    #####..
 Summon Lightning Spire   Summ/Air       #.......     63%         4    #####..


Dungeon Overview and Level Annotations

Branches:
Dungeon (2/15)

Altars:


Innate Abilities, Weirdness & Mutations

You cannot wear armour.
You are incapable of wielding weapons or throwing items.
Your paws allow you to move quietly. (Stealth)
You have sharp claws.
You have razor-sharp teeth.
You have supernaturally acute eyesight. (SInv)
You are carnivorous and can eat meat at any time.
You cover ground quickly.
You are covered in fur. (AC +1)
You have a slow metabolism.
Your sharp claws are effective at attacking unaware monsters.


Message History

Your quokka barely misses the leopard gecko.
The leopard gecko bites your quokka.
Your quokka dies!
Your quokka's corpse disappears in a puff of smoke!
Casting: Summon Small Mammal (safe; 3% risk of failure)
Confirm with . or Enter, or press ? or * to list all spells.
The leopard gecko misses you.
You scratch the leopard gecko.
You kill the leopard gecko!
You start resting.
A hobgoblin comes into view.
The hobgoblin hits you.
All of the chunks of flesh in your inventory have rotted away.
You scratch the hobgoblin.
The hobgoblin is lightly wounded.
The hobgoblin barely misses you.
Your rat closely misses the hobgoblin.
You scratch the hobgoblin but do no damage.
The hobgoblin misses you.
Your rat barely misses the hobgoblin.
You closely miss the hobgoblin. The hobgoblin hits you.
You die...

#.# ##.##
##...##
..... ...
#.#
#####.#####
#..<.rg...#
#.###@###.#
# #.# # ..#
####


You could see a hobgoblin and a friendly rat.

Vanquished Creatures
  A leopard gecko (D:2)
  3 hobgoblins (D:1)
  2 bats (D:1)
  A frilled lizard (D:1)
  2 goblins (D:1)
  A kobold (D:1)
  3 rats (D:1)
13 creatures vanquished.

Vanquished Creatures (collateral kills)
  An ooze (D:1)
  A bat (D:1)
  A giant cockroach (D:1)
  3 hobgoblins (D:1)
  2 frilled lizards (D:1)
  3 kobolds (D:1)
  A rat (D:1)
12 creatures vanquished.

Grand Total: 25 creatures vanquished

Notes
Turn   | Place    | Note
-------+----------+-------------------------------------------
     0 | D:1      | Folque the Felid Summoner began the quest for the Orb.
     0 | D:1      | Reached XP level 1. HP: 7/7 MP: 4/4
   320 | D:1      | Reached XP level 2. HP: 7/12 MP: 4/6
   643 | D:1      | Learned a level 2 spell: Call Imp
  1186 | D:2      | Slain by a hobgoblin

Action                   || total
-------------------------++-------
Melee: Unarmed           ||    67
       Bite              ||     2
 Cast: Summon Small Mamm ||    19
 Stab: Sleeping          ||     2
  Eat: Chunk             ||     8
Armor: Skin              ||     8
Dodge: Dodged            ||    76
